 Dungeon Crawl Stone Soup version 0.21.1 (webtiles) character file.

665 letownia2 the Fighter (level 7, -2/62 HPs)
             Began as a Formicid Artificer on Feb 2, 2018.
             Splashed by a jelly's acid (4 damage)
             ... on level 6 of the Dungeon.
             The game lasted 00:04:42 (2491 turns).

letownia2 the Fighter (Formicid Artificer)          Turns: 2491, Time: 00:04:44

Health: -2/62      AC: -14   Str: 17    XL:     7   Next: 88%
Magic:  9/9        EV: 11    Int: 12    God:
Gold:   165        SH:  0    Dex: 11    Spells: 5/6 levels left

rFire    . . .     SeeInvis +   a - +0 short sword
rCold    . . .     Gourm    .   (no shield)
rNeg     . . .     Faith    .   n - +0 ring mail
rPois    .         Spirit   .   (helmet unavailable)
rElec    .         Reflect  .   (no cloak)
rCorr    .         Harm     .   (no gloves)
MR       .....                  (no boots)
Stlth    +.........             (no amulet)
HPRegen  0.20/turn              (no ring)
MPRegen  0.11/turn              (no ring)

@: corroded
A: permanent stasis, dig shafts and tunnels, four strong arms, antennae 3
a: Dig, Shaft Self


You were on level 6 of the Dungeon.
You were not hungry.

You visited 1 branch of the dungeon, and saw 6 of its levels.

You collected 165 gold pieces.

Inventory:

Hand Weapons
 a - a +0 short sword (weapon)
 j - a +2 dagger of draining
 o - a +2 whip of pain
Armour
 b - a +0 leather armour
 n - a +0 ring mail (worn)
Wands
 d - a wand of enslavement (24)
 e - a wand of random effects (11)
Scrolls
 g - a scroll of magic mapping {unknown}
 h - 4 scrolls of identify {unknown}
 k - 3 scrolls of teleportation {unknown}
 l - 2 scrolls of remove curse {unknown}
 m - a scroll of enchant weapon {unknown}
 r - a scroll of enchant armour {unknown}
Potions
 i - 2 potions of ambrosia {unknown}
 p - a potion of berserk rage {unknown}
 q - a potion of degeneration {unknown}
Books
 s - a book of Cantrips

   Spells                             Type                      Level
   a - Confusing Touch                Hexes                        1
   b - Animate Skeleton               Necromancy                   1
   c - Summon Small Mammal            Summoning                    1
   d - Apportation                    Translocation                1
Comestibles
 c - 3 chunks of flesh
 f - 6 rations


   Skills:
 - Level 8.2 Fighting
 - Level 1.0 Short Blades
 + Level 2.7 Armour
 - Level 1.7 Dodging
 - Level 1.2 Stealth
 - Level 3.2 Evocations


You had 5 spell levels left.
You knew the following spells:

 Your Spells              Type           Power        Failure   Level  Hunger
d - Confusing Touch       Hex            #.....       52%         1    ##.....


Dungeon Overview and Level Annotations

Branches:
Dungeon (6/15)
 Temple: D:4-7

Altars:
Yredelemnul

Annotations:
D:4 1 runed door


Innate Abilities, Weirdness & Mutations

You cannot be hasted, slowed, berserked, paralysed or teleported.
You can dig through walls and to a lower floor.
Your four strong arms can wield two-handed weapons with a shield.
You have a pair of large antennae on your head. (SInv)


Message History

* * * LOW HITPOINT WARNING * * *
The jelly is heavily wounded.
The jelly hits you.
* * * LOW HITPOINT WARNING * * *
The acid corrodes you!
You are splashed with acid!
The acid burns!
* * * LOW HITPOINT WARNING * * *
You hit the jelly but do no damage.
Your hands burn!
* * * LOW HITPOINT WARNING * * *
The jelly is heavily wounded.
The jelly misses you.
You are too injured to fight recklessly!
Unknown command.
You hit the jelly.
Your hands burn!
* * * LOW HITPOINT WARNING * * *
The jelly is heavily wounded.
The jelly misses you.
You are too injured to fight recklessly!
Unknown command.
You hit the jelly but do no damage. The acid corrodes you!
Your hands burn!
You die...

h.....#.... .....#.J. ..#....
#.....# #h....# #.###....#
.....!..## ..##
.........######### ..#
#.###.......J@...## #..
#...>.######..##########..
........................(...
.....###.....###.............
..... #####..###########....
.....########.)######## #....
.... .................#######
########......##....## #
#######........###


You could see a jelly.

Vanquished Creatures
  Grinder (D:5)
  Menkaure (D:5)
  A centaur (D:5)
  A howler monkey (D:5)
  A crimson imp (D:5)
  A hound (D:5)
  A human skeleton (D:4)
  2 orc wizards (D:5)
  A worker ant (D:4)
  A worker ant zombie (D:5)
  2 adders
  A shadow imp (D:5)
  An ooze (D:4)
  2 adder skeletons (D:4)
  2 worms
  2 leopard geckos
  2 orcs
  3 giant cockroaches
  A jackal (D:6)
  2 quokkas (D:5)
  A bat (D:2)
  A goblin (D:1)
  A rat (D:1)
32 creatures vanquished.

Notes
Turn   | Place    | Note
-------+----------+-------------------------------------------
     0 | D:1      | letownia2 the Formicid Artificer began the quest for the Orb.
     0 | D:1      | Reached XP level 1. HP: 15/15 MP: 3/3
   309 | D:4      | Reached skill level 2 in Fighting
   309 | D:4      | Reached XP level 2. HP: 12/23 MP: 4/4
   546 | D:4      | Reached skill level 3 in Fighting
   546 | D:4      | Reached XP level 3. HP: 26/29 MP: 5/5
   701 | D:4      | Reached XP level 4. HP: 34/37 MP: 6/6
   755 | D:4      | Reached skill level 4 in Fighting
   799 | D:4      | Found a runed door.
   799 | D:4      | Noticed a human
  1182 | D:4      | Found a basalt altar of Yredelemnul.
  1257 | D:5      | Entered Level 5 of the Dungeon
  1293 | D:5      | Noticed Grinder
  1313 | D:5      | Killed Grinder
  1313 | D:5      | Reached skill level 6 in Fighting
  1313 | D:5      | Reached XP level 5. HP: 6/47 MP: 7/7
  1313 | D:5      | Reached XP level 6. HP: 7/53 MP: 8/8
  1612 | D:5      | Reached skill level 7 in Fighting
  1781 | D:5      | Reached XP level 7. HP: 60/60 MP: 9/9
  1910 | D:5      | Noticed Menkaure
  1941 | D:5      | Killed Menkaure
  1941 | D:5      | Reached skill level 8 in Fighting
  2053 | D:5      | Reached skill level 1 in Armour
  2453 | D:6      | Learned a level 1 spell: Confusing Touch
  2490 | D:6      | HP: 2/62 [acid (5)]
  2491 | D:6      | Splashed by a jelly's acid

Skill      XL: |  1  2  3  4  5  6  7 |
---------------+----------------------+-----
Fighting       | 2 3 6 7 8 |  8.2
Armour         | 2 |  2.7
Short Blades   | |  1.0
Dodging        | |  1.7
Stealth        | |  1.2
Evocations     | |  3.2

Action                   |  1- 3 |  4- 6 |  7- 9 || total
-------------------------+-------+-------+-------++-------
Melee: Short sword       |    56 |    44 |   116 ||   216
Evoke: Wand              |     4 |    13 |     2 ||    19
  Eat: Chunk             |       |     3 |     2 ||     5
Armor: Leather armour    |    10 |       |       ||    10
       Ring mail         |     6 |    14 |    27 ||    47
Dodge: Dodged            |    38 |    18 |    61 ||   117
